[Event "6th Uppsala Young Champions 2019"]
[Site "Uppsala"]
[Date "2019.10.29"]
[Round "7.14"]
[White "Dingertz, Erik"]
[Black "Mitra, Akash"]
[Result "1-0"]
[ECO "A21"]
[WhiteElo "1908"]
[BlackElo "1936"]
[Annotator "NA"]
[PlyCount "53"]
[EventDate "2019.10.25"]
[EventType "swiss"]
[EventCountry "SWE"]
[SourceTitle "playchess.com"]
[Source "ChessBase"]
[SourceQuality "1"]
[TimeControl "5400+30"]

1. c4 e5 2. Nc3 Bb4 3. g3 d6 4. Bg2 f5 5. d3 Bxc3+ 6. bxc3 Nf6 7. Rb1 c6 8. e3 O-O $11 9. Ne2 Nbd7 10. O-O Nb6 11. Ba3 Qe7 12. c5 dxc5 13. d4 Nfd7 14. Qb3+ Kh8 15. Rfd1 Rf6 16. Rd2 g5 17. Rbd1 f4 18. dxc5 f3 19. cxb6 Qe8 20. Bxf3 Rxf3 21. Kg2 Qh5 22. Rxd7 Bxd7 23. Rxd7 Rf6 24. Ng1 Qg4 25. Rxb7 Rd8 26. Qc2 Rd7 27. bxa7 1-0

[Event "6th Uppsala Young Champions 2019"]
[Site "Uppsala"]
[Date "2019.10.29"]
[Round "7.15"]
[White "Ostensson, Julia"]
[Black "Grahn, Vidar"]
[Result "0-1"]
[ECO "B73"]
[WhiteElo "1483"]
[BlackElo "1926"]
[Annotator "NA"]
[PlyCount "88"]
[EventDate "2019.10.25"]
[EventType "swiss"]
[EventCountry "SWE"]
[SourceTitle "playchess.com"]
[Source "ChessBase"]
[SourceQuality "1"]
[TimeControl "5400+30"]

1. e4 c5 2. Nf3 Nc6 3. d4 cxd4 4. Nxd4 g6 5. Nc3 Bg7 6. Be3 Nf6 7. Be2 O-O 8. O-O d6 $11 9. Qd2 Qa5 10. Nb3 Qd8 11. f4 a6 12. Bf3 Bg4 13. f5 Bxf3 14. Rxf3 Ne5 15. Rh3 Nc4 16. Qc1 Nxe3 17. Qxe3 Ng4 18. Qf4 Qb6+ 19. Kf1 h5 20. Nd5 Qd8 21. Qg5 e6 22. Ne7+ Kh7 23. Qxg4 Qxe7 24. Qf4 Bh6 25. f6 Bxf4 26. fxe7 Rfe8 27. Rf3 Be5 28. Rxf7+ Kg8 29. Rf3 Rxe7 30. c3 Bxh2 31. g3 h4 32. gxh4 Rh7 33. Rh3 Be5 34. Na5 b5 35. Kg2 Rf8 36. Nc6 Rf4 37. Nxe5 dxe5 38. Rd1 Rxe4 39. Rg3 Rhxh4 40. Rd8+ Kf7 41. Rf3+ Ke7 42. Rg8 Re2+ 43. Kg3 Rhh2 44. Rxg6 Reg2# 0-1

[Event "6th Uppsala Young Champions 2019"]
[Site "Uppsala"]
[Date "2019.10.29"]
[Round "7.16"]
[White "Skahlberg Bjerknes-Lima de Far, Warg"]
[Black "Falkevall, Axel"]
[Result "0-1"]
[ECO "D43"]
[WhiteElo "1637"]
[BlackElo "2036"]
[Annotator "NA"]
[PlyCount "134"]
[EventDate "2019.10.25"]
[EventType "swiss"]
[EventCountry "SWE"]
[SourceTitle "playchess.com"]
[Source "ChessBase"]
[SourceQuality "1"]
[TimeControl "5400+30"]

1. c4 Nf6 2. Nc3 e6 3. Nf3 d5 4. d4 Bb4 5. Bg5 h6 6. Bh4 dxc4 7. e3 b5 8. a4 c6 9. Nd2 Bb7 10. Be2 Nbd7 11. O-O a6 12. Nde4 Be7 13. Bg3 Nxe4 14. Nxe4 Nf6 15. Nc5 Bxc5 16. dxc5 Qxd1 17. Rfxd1 Ne4 $17 18. Bd6 Nxd6 19. cxd6 Kd7 20. e4 f6 21. f4 g5 22. g3 Raf8 23. Rd2 h5 24. fxg5 fxg5 25. Rf1 Rxf1+ 26. Bxf1 e5 27. Be2 Rh6 28. h3 c5 29. axb5 axb5 30. Bf3 Rxd6 31. Rxd6+ Kxd6 32. Kf2 Bc8 33. Bxh5 Bxh3 34. Be2 Be6 35. Ke3 Kc6 36. Kd2 Kb6 37. Kc2 Bh3 38. Kd2 Be6 39. Kc3 Ka5 40. Bd1 Bd7 41. Be2 Bh3 42. Bd1 Bg2 43. Bc2 Bf1 44. Bd1 Bd3 45. Bf3 g4 46. Bxg4 Bxe4 47. Be2 Kb6 48. g4 Kc6 49. Kd2 Kd6 50. Ke3 Bd5 51. g5 Ke7 52. Bg4 b4 53. Bf5 Kf7 54. Kd2 Kg7 55. Kc2 Bf7 56. Kd2 Bg6 57. Bg4 Be4 58. Bh5 Bd5 59. Ke3 Bg8 60. Ke4 c3 61. bxc3 b3 62. Kd3 Bh7+ 63. g6 Bxg6+ 64. Bxg6 Kxg6 65. c4 e4+ 66. Kc3 e3 67. Kxb3 e2 0-1

[Event "6th Uppsala Young Champions 2019"]
[Site "Uppsala"]
[Date "2019.10.30"]
[Round "8.1"]
[White "Thorhallsson, Simon"]
[Black "Roshka, Yevgeniy"]
[Result "0-1"]
[ECO "A67"]
[WhiteElo "2190"]
[BlackElo "2369"]
[Annotator "NA"]
[PlyCount "92"]
[EventDate "2019.10.25"]
[EventType "swiss"]
[EventCountry "SWE"]
[SourceTitle "playchess.com"]
[Source "ChessBase"]
[SourceQuality "1"]
[TimeControl "5400+30"]

1. d4 Nf6 2. c4 c5 3. d5 e6 4. Nc3 exd5 5. cxd5 d6 6. e4 g6 7. f4 Bg7 8. Bb5+ Nfd7 9. a4 O-O 10. Nf3 Na6 11. O-O Nc7 12. Bd3 a6 13. a5 {[%emt 0:00:00] A67: Modern Benoni: Taimanov Variation} (13. f5 Rb8 14. Bg5 Bf6 15. Bxf6 Qxf6 16. Kh1 b5 17. e5 dxe5 18. fxg6 hxg6 19. Nd4 Qh4 20. Nc6 Rb6 {1-0 (39) Garcia Cardenas,P (2449)-Olivares Olivares,C (2387) Santiago de Chile 2019}) 13... b5 14. axb6 Nxb6 15. f5 c4 $146 (15... Rb8 $142) ({Predecessor:} 15... Bb7 16. Bf4 c4 17. Bc2 Nb5 18. Qd2 gxf5 19. Nxb5 axb5 20. Rxa8 Bxa8 {0-1 (30) Schwarz,A (2230)-Turcan,M (2150) Balatonbereny 1996}) 16. Bc2 Bf6 (16... Nd7 $16) 17. Qe1 (17. Bh6 $18) 17... Nb5 18. Nxb5 axb5 19. Rxa8 Nxa8 20. Qg3 b4 (20... Nc7 $16) 21. Bh6 b3 22. Bb1 ({But not} 22. Bxf8 Qxf8 23. Bb1 Nb6 $16) (22. fxg6 $18 hxg6 23. Bxf8 Kxf8 24. Bb1) 22... Bg7 23. Bxg7 $18 Kxg7 24. e5 dxe5 25. Ng5 Qxd5 26. Nxh7 Qd4+ 27. Kh1 Bxf5 28. Nxf8 Bxb1 29. Qf3 Bf5 30. Qxa8 Qxb2 31. Qe8 Qd4 32. Nh7 Qd7 33. Qxd7 Bxd7 34. Ng5 Bf5 35. g4 Bc2 36. Rxf7+ Kg8 37. Rb7 c3 38. Rb8+ Kg7 39. Rb7+ Kf8 40. Ne6+ Kg8 41. Nc5 b2 42. Kg1 Be4 43. Nxe4 c2 44. Nf6+ Kf8 45. Nh7+ Ke8 46. Nf6+ Kd8 0-1

[Event "6th Uppsala Young Champions 2019"]
[Site "Uppsala"]
[Date "2019.10.30"]
[Round "8.2"]
[White "Pantzar, Milton"]
[Black "Sorensen, Hampus"]
[Result "1/2-1/2"]
[ECO "D11"]
[WhiteElo "2376"]
[BlackElo "2330"]
[Annotator "NA"]
[PlyCount "116"]
[EventDate "2019.10.25"]
[EventType "swiss"]
[EventCountry "SWE"]
[SourceTitle "playchess.com"]
[Source "ChessBase"]
[SourceQuality "1"]
[TimeControl "5400+30"]

1. d4 d5 2. c4 c6 3. Nf3 Nf6 4. Nbd2 Bf5 5. Nh4 Be4 6. Qb3 {[%emt 0:00:31] D11: Slav Defence: 3 Nf3 sidelines and 3...Nf6 4 e3 Bg4} (6. Nxe4 Nxe4 7. Nf3 e6 8. a3 Nd7 9. e3 Bd6 10. Bd3 f5 11. O-O O-O 12. b4 Qf6 {0-1 (56) Ipatov,A (2650)-Robson,R (2653) Saint Louis 2019}) 6... Qb6 7. f3 Bg6 8. Qxb6 $146 ({Predecessor:} 8. Nxg6 hxg6 9. cxd5 cxd5 10. Qxb6 {½-½ (91) Kalavannan,K (2277)-Marusenko,P (2144) Cardiff 2018}) 8... axb6 9. cxd5 cxd5 10. Nxg6 hxg6 11. e3 e6 12. Kf2 Bd6 13. h3 O-O 14. Be2 Nc6 15. Rd1 Rfc8 16. Nb3 Ne8 17. a3 Be7 18. Bd2 Nd6 19. Rac1 Na7 20. Rxc8+ Rxc8 21. Bd3 Nc4 22. Bc1 Bg5 23. Ke2 Nd6 $14 24. Nd2 Nf5 25. f4 Bf6 26. Nb1 Nd6 27. b3 Nc6 28. Bb2 g5 29. g3 gxf4 30. gxf4 g6 31. Nd2 Kg7 32. Rh1 Ne7 33. Kf2 Nef5 34. a4 g5 35. Rg1 Kh6 36. Kf3 Nh4+ 37. Ke2 gxf4 38. exf4 Ndf5 39. Bxf5 Nxf5 40. Kd3 Kh5 41. Nf3 Nd6 42. Nd2 Kh4 43. Ba3 Nf5 44. Nf3+ Kxh3 45. Bb4 Nh4 46. Nxh4 Kxh4 47. Bd6 Kh5 48. Be5 Bxe5 49. fxe5 Kh6 50. Kd2 Kh7 51. Kd3 Rc6 52. Kd2 b5 53. axb5 Rb6 54. b4 Rxb5 55. Rb1 f6 56. exf6 Kg6 57. Ke3 Kxf6 58. Kf4 e5+ {[%emt 0:03:38] Ke4} 1/2-1/2

[Event "6th Uppsala Young Champions 2019"]
[Site "Uppsala"]
[Date "2019.10.30"]
[Round "8.3"]
[White "Storme, Isak"]
[Black "Mihajlov, Sebastian"]
[Result "1/2-1/2"]
[ECO "C54"]
[WhiteElo "2244"]
[BlackElo "2387"]
[Annotator "NA"]
[PlyCount "113"]
[EventDate "2019.10.25"]
[EventType "swiss"]
[EventCountry "SWE"]
[SourceTitle "playchess.com"]
[Source "ChessBase"]
[SourceQuality "1"]
[TimeControl "5400+30"]

1. e4 e5 2. Nf3 Nc6 3. Bc4 Nf6 4. d3 Bc5 5. O-O d6 6. c3 a5 {[%emt 0:00:04] C54: Giuoco Piano: 4 c3 Nf6, main lines with 5 d4 and 5 d3} 7. Re1 h6 8. h3 O-O 9. Nbd2 Be6 10. Bb5 Qb8 11. Nf1 Qa7 12. Qe2 a4 13. Ng3 $146 ({Predecessor:} 13. Bxc6 bxc6 14. N3h2 Kh7 15. Ng3 {½-½ (48) Andriasian,Z (2591)-Vidit,S (2718) chess.com INT 2018}) 13... Kh7 14. Bxc6 bxc6 15. d4 exd4 16. cxd4 Bxd4 17. Qc2 Kh8 18. Nxd4 Qxd4 19. Qxc6 a3 20. Be3 Qxb2 21. Qxc7 Qb8 22. Qc3 Rc8 23. Qd2 Ng8 $14 24. Nf5 Bxf5 25. exf5 Qb5 26. g4 d5 27. Bd4 Rc4 28. Rad1 Qc6 29. Rb1 Rc2 30. Qe3 Qd7 31. Rb6 Kh7 32. Qb3 Rc4 33. Rb7 Qc6 34. Be5 f6 35. Bg3 Re8 36. Rd1 Rc1 37. Rc7 Rxd1+ 38. Qxd1 Qb5 39. Kh2 Re2 40. Qd4 Re7 41. Rc5 Qb7 42. Qxd5 Qxd5 43. Rxd5 Re2 44. Ra5 Rxa2 45. Ra7 h5 46. g5 fxg5 47. Kg2 Nf6 48. Be5 Kh6 49. Bxf6 gxf6 50. Rf7 g4 51. h4 Ra1 52. Rxf6+ Kg7 53. Ra6 Kf7 54. Kg3 a2 55. Kg2 Ke7 56. Kh2 Kd8 57. Kg2 1/2-1/2

[Event "6th Uppsala Young Champions 2019"]
[Site "Uppsala"]
[Date "2019.10.30"]
[Round "8.4"]
[White "Crevatin, Leo"]
[Black "Abdrlauf, Elham"]
[Result "0-1"]
[ECO "E32"]
[WhiteElo "2221"]
[BlackElo "2213"]
[Annotator "NA"]
[PlyCount "104"]
[EventDate "2019.10.25"]
[EventType "swiss"]
[EventCountry "SWE"]
[SourceTitle "playchess.com"]
[Source "ChessBase"]
[SourceQuality "1"]
[TimeControl "5400+30"]

1. d4 Nf6 2. c4 e6 3. Nc3 Bb4 4. Qc2 b6 5. e4 c5 6. d5 {[%emt 0:03:22] E32: Nimzo-Indian: Classical (4 Qc2): 4...0-0} Qe7 7. Nge2 exd5 8. exd5 d6 9. Bg5 (9. a3 Bxc3+ 10. Qxc3 O-O 11. Bg5 Nbd7 12. O-O-O h6 13. Bh4 Ne5 {½-½ (33) Fridman,D (2644)-Buhmann,R (2573) Magdeburg 2019}) 9... h6 10. Bh4 Nbd7 11. O-O-O O-O 12. a3 Ba5 13. Kb1 $146 ({Predecessor:} 13. Ng3 $5 Qe5 {0-1 (37) Olsen,F (2414)-Rasmussen,A (2541) Svendborg 2019}) 13... Ne5 14. Nc1 Bxc3 15. Qxc3 g5 16. Bg3 Ne4 17. Qe1 f5 18. f3 Nxg3 19. hxg3 Qf6 20. f4 Ng4 21. Be2 Ne3 22. Rd3 Nxc4 23. Rc3 {[%emt 0:02:14] [#]} b5 $1 24. Bxc4 bxc4 25. fxg5 $17 hxg5 26. Rxc4 Bb7 27. Qd2 Kg7 28. Rh5 Kg6 29. Rch4 Rh8 30. Rxh8 Rxh8 31. Rxh8 Qxh8 32. Ne2 Qe5 33. Nc3 Qxg3 34. b4 cxb4 35. axb4 Qf4 36. Qxf4 gxf4 37. Kc2 Kf6 38. Nb5 Ke5 39. Nxa7 Bxd5 40. Kd2 Bxg2 41. b5 Bb7 42. b6 Kd4 43. Nb5+ Kc5 44. Nc3 Kxb6 45. Ne2 f3 46. Nd4 Be4 47. Ke3 d5 48. Ne6 Kb5 49. Nd4+ Kc4 50. Ne6 Kc3 51. Kf2 d4 52. Nc7 Bc6 0-1

[Event "6th Uppsala Young Champions 2019"]
[Site "Uppsala"]
[Date "2019.10.30"]
[Round "8.5"]
[White "Berglind, Axel"]
[Black "Papunidi, Matvey"]
[Result "1-0"]
[ECO "D02"]
[WhiteElo "2062"]
[BlackElo "2083"]
[Annotator "NA RC"]
[PlyCount "47"]
[EventDate "2019.10.25"]
[EventType "swiss"]
[EventCountry "SWE"]
[SourceTitle "playchess.com"]
[Source "ChessBase"]
[SourceQuality "1"]
[TimeControl "5400+30"]

1. d4 d5 2. Nf3 Nf6 3. g3 c5 4. Bg2 cxd4 5. O-O h6 6. Bf4 {[%emt 0:00:30] D02: 1 d4 d5 2 Nf3 sidelines, including 2...Nf6 3 g3 and 2...Nf6 3 Bf4} (6. Nxd4 e5 7. Nb3 Be6 8. c4 Nc6 9. cxd5 Bxd5 10. Nc3 Bxg2 11. Kxg2 Be7 12. Be3 O-O 13. Rc1 Rc8 14. Qxd8 Rfxd8 15. Rfd1 Rxd1 16. Rxd1 {1-0 (40) Socko,B (2627)-Tomczak,J (2631) Warsaw 2019}) 6... Nc6 7. Nxd4 Qb6 8. Nxc6 bxc6 9. c4 Qxb2 $146 ({Predecessor:} 9... e6 10. cxd5 exd5 11. Nc3 Be7 12. e4 dxe4 13. Nxe4 O-O {½-½ (29) Marculescu,G (1829)-Ponting,A (1989) LSS email 2009}) 10. cxd5 Qxa1 11. Qc2 cxd5 12. Qc6+ {[%emt 0:00:30] Double Attack} Nd7 13. Rc1 e5 (13... e6 $142 14. Qxa8 Nb6 15. Qxa7 (15. Rxc8+ Nxc8 16. Qxc8+ Ke7 $18) 15... Qb2) 14. Qxa8 Nb6 15. Rxc8+ Nxc8 16. Qxc8+ Ke7 17. Qb7+ Kf6 18. Bxd5 exf4 19. Qxf7+ Ke5 20. Qe6+ Kd4 21. Be4 Kc5 22. Qc6+ Kb4 23. a3+ Ka5 24. Bd3 1-0

[Event "6th Uppsala Young Champions 2019"]
[Site "Uppsala"]
[Date "2019.10.30"]
[Round "8.7"]
[White "Carlsson, Ludvig"]
[Black "Vitenberg, Noam Aviv"]
[Result "1-0"]
[ECO "B10"]
[WhiteElo "2066"]
[BlackElo "2223"]
[Annotator "NA"]
[PlyCount "105"]
[EventDate "2019.10.25"]
[EventType "swiss"]
[EventCountry "SWE"]
[SourceTitle "playchess.com"]
[Source "ChessBase"]
[SourceQuality "1"]
[TimeControl "5400+30"]

1. e4 c6 2. Nf3 d5 3. d3 dxe4 4. dxe4 Qxd1+ 5. Kxd1 Bg4 6. Be2 Nd7 7. Ne1 Bxe2+ 8. Kxe2 e6 9. Nd3 c5 10. Nd2 Ne7 11. b3 Nc6 12. Bb2 f6 13. Rhc1 Bd6 14. Nc4 Bc7 15. a4 Kf7 16. c3 $11 Nb6 17. Nd2 c4 18. bxc4 Na5 19. c5 Nbc4 20. Nxc4 Nxc4 21. Rab1 Rab8 22. Rd1 Rhd8 23. Bc1 Ba5 24. Bf4 e5 25. Bg3 Ke6 26. f3 Rdc8 27. Nb4 Bd8 28. Bf2 Be7 29. Rd5 Na5 30. Rd2 Nc4 31. Rdd1 h5 32. Nd3 a6 33. Rb4 Na5 34. Rdb1 Kf7 35. Be3 Rc6 36. h3 Rd8 37. Rd1 Rc7 38. Bf2 Rcd7 39. Rbb1 g6 40. g4 hxg4 41. hxg4 Ke6 42. Bg3 Kf7 43. g5 Nc6 44. gxf6 Kxf6 45. Rb6 Bxc5 46. Bxe5+ Kf7 47. Nxc5 Rxd1 48. Rxb7+ Ke8 49. Bf4 Ra1 50. Rc7 Na5 51. Bg5 Rdd1 52. Re7+ Kd8 53. Rd7+ 1-0

[Event "6th Uppsala Young Champions 2019"]
[Site "Uppsala"]
[Date "2019.10.30"]
[Round "8.8"]
[White "Kristensen, Bjarke Hautop"]
[Black "Fjallheim, Leif Reinert"]
[Result "1-0"]
[ECO "E32"]
[WhiteElo "2223"]
[BlackElo "1985"]
[Annotator "NA"]
[PlyCount "113"]
[EventDate "2019.10.25"]
[EventType "swiss"]
[EventCountry "SWE"]
[SourceTitle "playchess.com"]
[Source "ChessBase"]
[SourceQuality "1"]
[TimeControl "5400+30"]

1. d4 Nf6 2. c4 e6 3. Nc3 Bb4 4. Qc2 O-O 5. a3 Bxc3+ 6. Qxc3 Ne4 7. Qc2 f5 8. g3 d5 {[%emt 0:05:53] E32: Nimzo-Indian: Classical (4 Qc2): 4...0-0} (8... Qf6 9. e3 Nc6 10. b4 e5 11. d5 Nd8 12. Bb2 d6 13. f3 Ng5 14. f4 Ngf7 15. Nf3 Qe7 16. Qc3 {1-0 (66) Kotanjian,T (2518)-Kotsur,P (2550) Al Ain 2012}) 9. Bg2 b6 $146 ({Predecessor:} 9... Qe7 10. Nf3 c5 11. O-O Nc6 12. cxd5 exd5 13. dxc5 Qxc5 14. Qxc5 Nxc5 15. Bf4 Bd7 16. Rad1 {1-0 (69) Osiyemi,L (1760)-Golding,W (1409) Ascot 2014}) 10. b4 Bb7 11. Nf3 dxc4 12. Qxc4 Bd5 13. Qc2 Nd7 14. O-O c6 15. Bb2 (15. Ne5 $16) 15... Qe7 16. Nd2 Nxd2 17. Qxd2 b5 18. f3 Nb6 19. e4 Bc4 20. Rfe1 fxe4 21. fxe4 Rf7 22. Qc2 Raf8 23. Rad1 Qd7 24. Bc1 Qb7 25. Be3 Rd8 26. Rd2 Qc7 $14 27. Bf4 Qd7 28. Red1 Qe8 29. Qc3 Rfd7 30. Qe3 h6 31. h4 Qg6 32. Kh2 Rf8 33. Bf3 Qf7 34. Kg2 Qe8 35. Rc1 Qf7 36. Rf2 Qe8 37. Rd1 Qf7 38. Rdd2 Qe8 39. Bd1 Qg6 40. g4 Qe8 41. Kg3 Rdf7 42. Rf3 Qe7 43. Rh2 Nd7 44. Qc3 Nf6 45. Bc2 Nd7 46. Rff2 g5 47. hxg5 hxg5 48. Be3 Rxf2 49. Bxf2 Qf6 50. Qe3 Qf4+ 51. Qxf4 gxf4+ 52. Kf3 e5 53. Rh6 exd4 54. Bxd4 a5 55. g5 Kf7 56. g6+ Ke6 57. g7+ {[%emt 0:12:01] Kd5} 1-0

[Event "6th Uppsala Young Champions 2019"]
[Site "Uppsala"]
[Date "2019.10.30"]
[Round "8.9"]
[White "Narva, David"]
[Black "Muntean, Victor"]
[Result "1-0"]
[ECO "C84"]
[WhiteElo "1979"]
[BlackElo "2020"]
[Annotator "NA"]
[PlyCount "85"]
[EventDate "2019.10.25"]
[EventType "swiss"]
[EventCountry "SWE"]
[SourceTitle "playchess.com"]
[Source "ChessBase"]
[SourceQuality "1"]
[TimeControl "5400+30"]

1. e4 e5 2. Nf3 Nc6 3. Bb5 a6 4. Ba4 Nf6 5. d3 b5 6. Bb3 Be7 7. O-O O-O 8. a4 b4 9. a5 d6 10. Nbd2 h6 {[%emt 0:02:14] C84: Closed Ruy Lopez: Unusual White 6th moves} 11. Nc4 (11. Re1 Rb8 12. h3 Be6 13. Ba4 Nxa5 14. d4 c5 15. dxe5 dxe5 16. Nxe5 c4 17. Qe2 Rc8 18. Ndf3 {½-½ (25) Vitiugov,N (2730)-Tomashevsky,E (2702) Satka 2018}) 11... Be6 12. Ba4 Nb8 13. Qe1 c5 $146 ({Predecessor:} 13... Nbd7 14. Bc6 Rb8 15. Be3 d5 16. exd5 Bxd5 17. Bxd5 Nxd5 18. Nfxe5 Nxe5 19. Nxe5 {½-½ (58) Isakov,A (2286)-Khusenkhojaev,M (2092) St Petersburg 2015}) 14. c3 Bxc4 15. dxc4 bxc3 16. bxc3 Qxa5 {[%emt 0:00:21] [#]} 17. Nh4 $1 Qd8 18. Nf5 Nh7 {[%emt 0:10:05] [#]} (18... Kh7 $16) 19. Qd1 $16 (19. f4 $1 $18 {and White stays clearly on top.}) 19... Bg5 20. Qxd6 Qxd6 21. Nxd6 Bxc1 22. Rfxc1 Ng5 23. Rd1 Ra7 24. f3 g6 25. Rab1 Rd8 26. Ne8 Rxd1+ 27. Rxd1 Ne6 28. Rb1 Ra8 29. Rb7 a5 30. Nd6 Nd8 31. Re7 Na6 32. Re8+ Kg7 33. Nb7 Rb8 34. Nxd8 Rb1+ 35. Kf2 Ra1 36. Bb5 a4 37. Re7 a3 38. Rxf7+ Kg8 39. Ra7 Nb4 40. cxb4 cxb4 41. Bc6 b3 42. Bd5+ Kf8 43. Ne6+ 1-0

[Event "6th Uppsala Young Champions 2019"]
[Site "Uppsala"]
[Date "2019.10.30"]
[Round "8.10"]
[White "Trost, Edvin"]
[Black "Apol, Luitjen Akselsson"]
[Result "1-0"]
[ECO "B94"]
[WhiteElo "1982"]
[BlackElo "2129"]
[Annotator "NA"]
[PlyCount "81"]
[EventDate "2019.10.25"]
[EventType "swiss"]
[EventCountry "SWE"]
[SourceTitle "playchess.com"]
[Source "ChessBase"]
[SourceQuality "1"]
[TimeControl "5400+30"]

1. e4 c5 2. Nf3 d6 3. d4 cxd4 4. Nxd4 Nf6 5. Nc3 a6 6. Bg5 Nbd7 7. Bc4 Qa5 8. Qd2 e6 9. O-O h6 10. Bh4 b5 {[%emt 0:00:27] B94: Sicilian Najdorf: 6 Bg5 Nbd7} (10... Be7 11. Rad1 Ne5 12. Bb3 g5 13. Bg3 Nh5 14. Ba4+ Kf8 15. Bb3 Bd7 16. Qe2 g4 17. Bxe5 dxe5 18. Nf5 {1-0 (37) Rasulov,V (2488)-Sutovsky,E (2660) Baku 2013}) 11. Bb3 Qb6 12. Rfe1 Be7 13. Kh1 $146 ({Predecessor:} 13. Bxe6 fxe6 14. Nxe6 Rg8 15. Nf4 Bb7 16. Ncd5 Bxd5 17. Nxd5 Qc5 18. b4 {0-1 (70) Fischer,W (2478)-Zuev,D (2474) ICCF email 2014}) 13... Bb7 14. f4 Nc5 15. f5 $1 e5 16. Bxf6 $1 Bxf6 17. Nd5 Qd8 18. Nf3 O-O 19. Nxf6+ Qxf6 20. Bd5 Bxd5 21. Qxd5 Rac8 22. c4 bxc4 23. Qxc4 a5 24. Qd5 Rb8 25. b3 Rfc8 $11 26. Rad1 Rb6 27. Nd2 Rbb8 28. Nc4 Nb7 29. Re3 Rc5 30. Qd2 Rbc8 31. Rd3 R8c6 32. h3 Qh4 33. Qe3 Qe7 34. Kh2 Qc7 35. Qd2 Kh7 36. f6 g6 37. Rd5 a4 38. Rxc5 Rxc5 39. Ne3 h5 40. Nf5 gxf5 41. Qg5 1-0

[Event "6th Uppsala Young Champions 2019"]
[Site "Uppsala"]
[Date "2019.10.30"]
[Round "8.11"]
[White "Nguyen, Gabriel"]
[Black "Rasti, Arvin"]
[Result "0-1"]
[ECO "A14"]
[WhiteElo "2071"]
[BlackElo "2179"]
[Annotator "NA"]
[PlyCount "129"]
[EventDate "2019.10.25"]
[EventType "swiss"]
[EventCountry "SWE"]
[SourceTitle "playchess.com"]
[Source "ChessBase"]
[SourceQuality "1"]
[TimeControl "5400+30"]

1. Nf3 Nf6 2. d4 e6 3. g3 c5 4. Bg2 Nc6 5. O-O d5 6. e3 Be7 7. b3 O-O 8. Bb2 b6 9. Nbd2 Bb7 10. c4 Rc8 11. Rc1 cxd4 12. Nxd4 Nxd4 {[%emt 0:00:30] A14: English Opening: 1...e6 with b3 by White} 13. exd4 (13. Bxd4 Qd7 14. Nf3 Ba3 15. Rc2 dxc4 16. Ne5 Qe7 17. Bxb7 Qxb7 18. Nxc4 Be7 19. Bxf6 gxf6 20. Qg4+ {1-0 (81) Van Wely,L (2622)-Ivanov,A (2516) Ledyard 2009}) 13... Rc7 14. cxd5 $146 ({Predecessor:} 14. Qe2 Qb8 15. cxd5 Rxc1 16. Rxc1 Bxd5 17. Bxd5 Nxd5 {½-½ (25) Gampersberger,H (1999)-Detter,P (2031) Austria 2015}) 14... Bxd5 15. Bxd5 Nxd5 16. Nc4 Qc8 17. Ne3 Rd8 18. Qe2 Nb4 19. Rxc7 Qxc7 20. a3 Nd5 21. Nxd5 Rxd5 22. Rc1 Qd7 23. Qc4 h5 24. Qc8+ Kh7 25. Qxd7 Rxd7 26. h4 $15 Bf6 27. Rc4 Kg6 28. Kg2 Kf5 29. Kf3 Be7 30. a4 f6 31. Ke3 g5 32. hxg5 fxg5 33. Rc8 h4 34. gxh4 gxh4 35. Kf3 e5 36. dxe5 Rd3+ 37. Kg2 Rxb3 38. Rc7 Bd8 39. Rc2 Bg5 40. a5 h3+ 41. Kh1 bxa5 42. Re2 Ke6 43. Bd4 Bf4 44. Re1 a6 45. f3 a4 46. Kg1 Rxf3 47. Rb1 Rb3 48. Rf1 Bxe5 49. Re1 Rb5 50. Bxe5 Rxe5 51. Ra1 Ra5 52. Kh2 Kd5 53. Kxh3 Kc4 54. Rg1 a3 55. Rg4+ Kd3 56. Rg3+ Ke2 57. Rg2+ Kf1 58. Ra2 Ke1 59. Kg2 Kd1 60. Kf3 Kc1 61. Ke3 Kb1 62. Rh2 a2 63. Rh1+ Kb2 64. Rh2+ Kb3 65. Kd4 0-1

[Event "6th Uppsala Young Champions 2019"]
[Site "Uppsala"]
[Date "2019.10.30"]
[Round "8.12"]
[White "Wernberg, Hugo"]
[Black "Vainerchuk, Barys"]
[Result "1/2-1/2"]
[ECO "C54"]
[WhiteElo "2006"]
[BlackElo "2136"]
[Annotator "NA"]
[PlyCount "125"]
[EventDate "2019.10.25"]
[EventType "swiss"]
[EventCountry "SWE"]
[SourceTitle "playchess.com"]
[Source "ChessBase"]
[SourceQuality "1"]
[TimeControl "5400+30"]

1. e4 e5 2. Nf3 Nc6 3. Bc4 Bc5 4. c3 Nf6 5. d4 exd4 6. cxd4 Bb4+ 7. Nc3 Nxe4 $1 8. O-O Bxc3 9. d5 Ne5 10. Qe2 O-O 11. bxc3 Nxc4 12. Qxe4 Nd6 13. Qd3 b6 {[%emt 0:03:08] C54: Giuoco Piano: 4 c3 Nf6, main lines with 5 d4 and 5 d3} (13... Qf6 14. Re1 b6 15. Bg5 Qf5 16. Qxf5 Nxf5 17. g4 f6 18. Bf4 Nd6 19. Bxd6 cxd6 20. Nd4 Bb7 21. Nf5 {½-½ (37) Gashimov,V (2740)-Dominguez Perez,L (2713) Nice 2010}) 14. Bg5 f6 15. Bf4 Bb7 16. Rfe1 Re8 17. Nd4 Bxd5 $146 ({Predecessor:} 17... Rxe1+ 18. Rxe1 Qf8 19. Bxd6 cxd6 20. Nf5 Re8 21. Re4 {0-1 (41) Benzetsel,E (1838)-Erdem,A (1756) Istanbul 2012}) 18. Bxd6 cxd6 19. Nb5 Rxe1+ 20. Rxe1 Be6 ({Worse is} 20... Bxa2 21. c4 $16) 21. Qxd6 Qf8 22. Qg3 (22. Qd2 $142) 22... Bxa2 23. Ra1 {[%emt 0:06:47] [#]} Qc5 $1 24. Nd4 Re8 $17 (24... Bf7 $19 25. Ra6 Qg5 26. Qxg5 fxg5) 25. h4 Qd5 26. Qc7 a5 27. Qxb6 Ra8 28. Nb5 Qb3 29. Qb7 Rf8 30. Qxd7 a4 31. Re1 Qd5 32. Qxd5+ Bxd5 33. Ra1 Bb3 34. Nd4 Rc8 35. Rc1 Bc4 36. Ra1 Bb3 37. Rc1 Kf7 38. f3 Ke7 39. Kf2 Kd6 40. Ke3 Kc5 41. Kd2 Re8 42. Ra1 Kc4 43. Nxb3 axb3 44. Ra4+ Kc5 45. Ra7 Rb8 46. Kc1 b2+ 47. Kb1 Kc4 48. Rxg7 h5 49. Rf7 Rb6 50. g4 hxg4 51. fxg4 Kb3 52. h5 Re6 53. Rb7+ Kxc3 54. Rxb2 Re1+ 55. Ka2 Rg1 56. Rb3+ Kc4 57. Ka3 Ra1+ 58. Kb2 Rg1 59. Rf3 Rxg4 60. Rxf6 Rh4 61. Rh6 Kd5 62. Rb6 Ke5 63. h6 1/2-1/2

[Event "6th Uppsala Young Champions 2019"]
[Site "Uppsala"]
[Date "2019.10.30"]
[Round "8.13"]
[White "Falkevall, Axel"]
[Black "Grahn, Vidar"]
[Result "1/2-1/2"]
[ECO "C42"]
[WhiteElo "2036"]
[BlackElo "1926"]
[Annotator "NA"]
[PlyCount "67"]
[EventDate "2019.10.25"]
[EventType "swiss"]
[EventCountry "SWE"]
[SourceTitle "playchess.com"]
[Source "ChessBase"]
[SourceQuality "1"]
[TimeControl "5400+30"]

1. e4 e5 2. Nf3 Nf6 3. Nxe5 d6 4. Nf3 Nxe4 5. d4 d5 6. Bd3 Bd6 7. O-O O-O 8. c4 c6 9. Nc3 Nxc3 10. bxc3 Bg4 11. h3 Bh5 12. Rb1 dxc4 13. Bxc4 b5 14. Bd3 Nd7 15. Re1 {[%emt 0:09:18] C42: Petroff Defence: 3 Nxe5 and unusual White 3rd moves} Nb6 16. Be4 {[%emt 0:08:46] [#]} Rc8 $146 ({Predecessor:} 16... Bg6 17. Rb2 Bxe4 18. Rxe4 Nd5 19. Qd3 Re8 20. Rxe8+ Qxe8 21. Re2 {0-1 (36) Byrne,R (2460)-Vladimirov,Y (2565) Murcia 1990}) 17. Bf5 Rc7 18. Qd3 Bg6 19. Ng5 Bxf5 20. Qxf5 g6 21. Qf3 Re8 22. Rxe8+ Qxe8 23. Ne4 Be7 24. Bf4 Rc8 25. Re1 Qd8 26. Be5 f5 27. Ng3 Nc4 $2 {[%emt 0:02:18] [#]} ({Better is} 27... Qf8 $11) 28. Bf4 (28. Nxf5 $1 $16 Nxe5 (28... gxf5 29. Qg3+) 29. Nxe7+ (29. Rxe5 gxf5 30. Qxf5 Bf8 $15) 29... Qxe7 30. Rxe5) 28... Bh4 29. Nf1 Qd5 30. Qe2 Kf7 31. Nd2 Nxd2 32. Qxd2 Re8 33. Be5 Bf6 34. Bxf6 1/2-1/2